 Dungeon Crawl Stone Soup version 0.27.1-4-g1640c2035a (webtiles) character file.

Game seed: 3454223389342366839

393 styxcanada the Covert (level 6, 0/32 HPs)
             Began as a Spriggan Brigand on Nov 3, 2021.
             Slain by an orc (6 damage)
             ... on level 4 of the Dungeon.
             The game lasted 00:16:30 (4681 turns).

styxcanada the Covert (Spriggan Brigand)            Turns: 4681, Time: 00:16:31

Health: 0/32       AC:  3    Str:  7    XL:     6   Next: 51%
Magic:  7/7        EV: 18    Int: 12    God:
Gold:   111        SH:  0    Dex: 19    Spells: 2/5 levels left

rFire    . . .     SeeInvis +   q - +3 short sword
rCold    . . .     Faith    .   (shield restricted)
rNeg     . . .     Spirit   .   b - +0 robe
rPois    .         Reflect  .   (helmet restricted)
rElec    .         Harm     .   c - +0 cloak
rCorr    .         Rampage  .   (gloves unavailable)
Will     +....                  (boots unavailable)
Stlth    ++++......             (no amulet)
HPRegen  0.10/turn              (no ring)
MPRegen  0.10/turn              (no ring)

@: very quick
A: very small, no large weapons, unfitting armour, see invisible, speed 3
a: no special abilities


You were on level 4 of the Dungeon.
You visited 1 branch of the dungeon, and saw 4 of its levels.

You collected 111 gold pieces.

Inventory:

Hand Weapons
 a - a +2 dagger
 f - a +2 quarterstaff of chaos
 o - a +0 hunting sling
 q - a +3 short sword (weapon)
Missiles
 d - 15 poisoned darts (quivered)
 e - 2 curare-tipped darts
 i - 4 silver boomerangs
 n - 14 boomerangs
 p - 37 stones
Armour
 b - a +0 robe (worn)
 c - a +0 cloak (worn)
Wands
 h - a wand of polymorph (13)
Scrolls
 g - a scroll of holy word
 j - 2 scrolls of identify
 r - 2 scrolls of teleportation
Potions
 k - a potion of curing
 l - a potion of ambrosia
 m - a potion of haste


   Skills:
 * Level 2.4 Fighting
 + Level 3.1 Short Blades
 + Level 3.3 Throwing
 * Level 3.1 Dodging
 * Level 9.2 Stealth
 * Level 0.4 Spellcasting
 * Level 0.5 Translocations
 * Level 0.1 Air Magic
 * Level 0.4 Evocations


You had 2 spell levels left.
You knew the following spells:

 Your Spells              Type           Power      Damage    Failure   Level
a - Blink                 Tloc           N/A        N/A       36%         2
b - Shock                 Conj/Air       0%         1d3       30%         1

Your spell library contained the following spells:

 Spells                   Type           Power      Damage    Failure   Level
 Lesser Beckoning         Tloc           0%         N/A       61%         3
 Swiftness                Air            0%         N/A       67%         3
 Airstrike                Air            0%         N/A       97%         4
 Manifold Assault         Tloc           1%         N/A       100%        5


Dungeon Overview and Level Annotations

Branches:
Dungeon (4/15)
 Temple: D:4-7

Altars:
Ashenzari
Hepliaklqana
Kikubaaqudgha
Makhleb
Nemelex Xobeh
Zin

Shops:
D:3 (


Innate Abilities, Weirdness & Mutations

You are very small and have problems with some larger weapons.
You are too small for most types of armour.
You have supernaturally acute eyesight. (SInv)
You cover ground extremely quickly. (Speed+++)


Message History

Throw: 20 darts (poison)
Press: ? - help, Q - select action, (/) - cycle Shift-Dir - straight line, f/p - orc wizard
Aim: an orc wizard, wielding a +0 dagger and wearing a +0 robe (slightly transparent, 56% to hit)
You throw a poisoned dart.
The poisoned dart completely misses the orc wizard.
The poisoned dart closely misses the orc.
The orc wizard barely misses you.
Throw: 19 darts (poison)
Press: ? - help, Q - select action, (/) - cycle Shift-Dir - straight line, f/p - orc wizard
Aim: an orc wizard, wielding a +0 dagger and wearing a +0 robe (slightly transparent, 56% to hit)
You throw a poisoned dart. The poisoned dart hits the orc wizard.
The orc wizard is poisoned.
Throw: 18 darts (poison)
Press: ? - help, Q - select action, (/) - cycle Shift-Dir - straight line, f/p - orc wizard
Aim: an orc wizard, wielding a +0 dagger and wearing a +0 robe (slightly transparent, poisoned, 56% to hit)
You throw a poisoned dart.
The poisoned dart closely misses the orc wizard.
The poisoned dart hits the orc!
The orc is poisoned.
The orc wizard gestures at you while chanting.
The magic dart hits you!
Throw: 17 darts (poison)
Press: ? - help, Q - select action, (/) - cycle Shift-Dir - straight line, f/p - orc wizard
Aim: an orc wizard, wielding a +0 dagger and wearing a +0 robe (lightly wounded, slightly transparent, poisoned, 56% to hit)
You throw a poisoned dart.
The poisoned dart barely misses the orc wizard.
The poisoned dart barely misses the orc.
Throw: 16 darts (poison)
Press: ? - help, Q - select action, (/) - cycle Shift-Dir - straight line, f/p - orc wizard
Aim: an orc wizard, wielding a +0 dagger and wearing a +0 robe (lightly wounded, slightly transparent, poisoned, 56% to hit)
You throw a poisoned dart.
The poisoned dart barely misses the orc wizard.
The poisoned dart hits the orc!
The orc looks as sick as possible!
The orc is moderately wounded.
The orc wizard gestures at you while chanting.
The puff of flame hits you!
* * * LOW HITPOINT WARNING * * *
The orc wizard hits you with a +0 dagger.
* * * LOW HITPOINT WARNING * * *
The orc hits you with a +0 flail.
You die...

###.PP≈≈♣≈♣P≈........# *,,,,**,*
>....≈≈≈♣♣♣≈≈........# *,,,,,*,*
...≈P≈♣♣P♣≈≈≈..####..# *,,,*,*,*
...≈P♣PPPP≈♣♣≈≈####..###*,,,*,*,*
..PP♣≈PPPPP♣♣PP........#*,,,*,#.*
..≈P≈≈≈.P..≈≈P.........#*,***,#.#
..P≈≈PP...PP≈≈P........#,,,,,,#.#
+PP♣≈P....#≈≈P≈..o.....########.#
.≈P≈PP......≈♣≈.@o(.(.(..........
PPP≈PP.#...P≈≈P#####..)(.(.((##..
P≈≈P.#......≈≈P...####..#...(.#..
PP.P####....P.≈##.# ##.#.#####..
###....#......###.### #.#...(oo..
###[##'#.#'#..# #...# #.#..####..
..#.#....#.#..#####.# #....#.....
..#.#....#.#........# ##.......<.
..#.#...##.#...#########...#.###.


You could see an orc wizard (invisible, poisoned) and an orc (extremely
poisoned).

Vanquished Creatures
  Sigmund (D:3)
  An orc priest (D:4)
  Crazy Yiuf (D:3)
  An orc wizard (D:4)
  3 gnolls (D:2)
  3 adders
  An adder skeleton (D:4)
  A worm (D:2)
  A dart slug (D:1)
  3 orcs (D:4)
  12 ball pythons
  10 endoplasms
  3 giant cockroaches
  6 hobgoblins
  7 jackals
  4 quokkas
  10 bats
  A frilled lizard (D:3)
  10 goblins
  3 kobolds
  4 rats
86 creatures vanquished.

Notes
Turn   | Place    | Note
-------+----------+-------------------------------------------
     0 | D:1      | styxcanada the Spriggan Brigand began the quest for the
                  | Orb.
     0 | D:1      | Reached XP level 1. HP: 10/10 MP: 2/2
    29 | D:1      | Reached skill level 6 in Stealth
   344 | D:1      | Reached XP level 2. HP: 14/14 MP: 3/3
   360 | D:1      | You fall into a shaft and drop 1 floor!
   360 | D:2      | Found a faded altar of an unknown god.
   858 | D:2      | Reached skill level 7 in Stealth
  1403 | D:1      | Reached XP level 3. HP: 18/18 MP: 4/4
  2411 | D:2      | Found a hazy altar of Hepliaklqana.
  2650 | D:2      | Reached XP level 4. HP: 14/23 MP: 5/5
  3096 | D:2      | Reached skill level 8 in Stealth
  3162 | D:3      | Found Vod Raop's Weapon Shoppe.
  3307 | D:3      | Found a runed translucent door.
  3308 | D:3      | Noticed Crazy Yiuf
  3349 | D:3      | Killed Crazy Yiuf
  3350 | D:3      | Reached XP level 5. HP: 26/26 MP: 6/6
  3549 | D:3      | Noticed Sigmund
  3551 | D:3      | Killed Sigmund
  3552 | D:3      | Reached XP level 6. HP: 31/31 MP: 7/7
  3591 | D:3      | Reached skill level 9 in Stealth
  4070 | D:3      | Found a burning altar of Makhleb.
  4084 | D:3      | Learned a level 2 spell: Blink
  4161 | D:3      | Found a glowing silver altar of Zin.
  4162 | D:3      | Found a sparkling altar of Nemelex Xobeh.
  4162 | D:3      | Found a broken altar of Ashenzari.
  4163 | D:3      | Found an ancient bone altar of Kikubaaqudgha.
  4433 | D:4      | Learned a level 1 spell: Shock
  4681 | D:4      | Slain by an orc

Illustrated notes

Levels and vault maps discovered:
D:1:      dpeg_arrival_round_a, layout_loops_corners
D:2:      layout_loops_ring, hellmonk_ecumenical_altar_arch_garden, basic_altar,
          wad_floor_pattern_2, kennysheep_donut
D:3:      layout_rooms, general_overflow_altar,
          chequers_temple_overflow_statue_of_worship, serial_shops, shop,
          uniq_robin, uniq_crazy_yiuf_cottage, uniq_sigmund
D:4:      layout_basic, nicolae_qazlal_eye_of_the_storm, serial_bayou_lagoon_a

Skill      XL: |  1  2  3  4  5  6 |
---------------+-------------------+-----
Stealth        | 6 7 8 9 |  9.2
Dodging        | 2 3 |  3.1
Fighting       | 2 |  2.4
Short Blades   | 3 |  3.1
Throwing       | 3 |  3.3
Spellcasting   | |  0.4
Translocations | |  0.5
Air Magic      | |  0.1
Evocations     | |  0.4

Action                   |  1- 3 |  4- 6 || total
-------------------------+-------+-------++-------
Melee: Dagger            |    99 |    62 ||   161
       Short sword       |       |    11 ||    11
Throw: Dart              |    28 |    73 ||   101
       Boomerang         |     2 |     2 ||     4
  Use: Scroll            |       |     9 ||     9
 Stab: Sleeping          |    13 |    14 ||    27
Armor: Robe              |    15 |    13 ||    28
Dodge: Dodged            |    74 |    55 ||   129
